Map: Shrines of Lizul

Players

ViperHyper

  • Race: Terran Terran
  • League: Master
  • Spawn Location: 9:00

llllllllllll

  • Race: Terran Terran
  • League: Master
  • Spawn Location: 6:00

PureLegacy

  • Race: Terran Terran
  • Spawn Location: 12:00

LOADBLASTER

  • Race: Terran Terran
  • League: Grandmaster
  • Spawn Location: 3:00

VOD

Have the link to the VOD?

Description

Time

  • Played on: Dec. 1, 2018, 2:24 p.m.
  • Length: 7:32
Show
View Real Time Build Order
Export as new Build Order

ViperHyper Terran 

Build Orders: Hellion Opening 

Get SALT Encoding   

  12  0:01  SCV  
  13  0:13  SCV  
  14  0:18  Supply Depot  
  14  0:25  SCV  
  15  0:30  Refinery  
  15  0:39  SCV  
  16  0:48  Barracks  
  16  0:51  SCV  
  17  0:57  Refinery  
  17  1:03  SCV  
  18  1:16  SCV  
  19  1:35  Factory, Barracks Reactor  
  19  1:40  Orbital Command  
  19  1:49  Supply Depot  
  19  2:05  SCV  
  20  2:17  SCV  
  20  2:21  Factory  
  21  2:24  Hellion x2  
  21  2:27  Barracks Tech Lab  
  21  2:29  SCV  
  26  2:41  SCV  
  27  2:46  Hellion x2  
  27  2:49  Supply Depot  
  31  3:11  Cyclone, Hellion x2  
  38  3:15  Mag-Field Accelerator  
  38  3:21  Supply Depot  
  38  3:41  Hellion  
  38  3:47  Cyclone  
  38  3:48  Hellion  
  37  3:57  Supply Depot  
  37  4:04  Hellion  
  37  4:09  Hellion  
  40  4:19  Cyclone  
  40  4:21  Engineering Bay  
  37  4:30  Hellion  
  37  4:37  SCV  
  35  4:46  Hellion  
  35  4:51  Cyclone, Missile Turret  
  40  4:53  Hellion  
  40  4:59  SCV  
  43  5:11  SCV  
  43  5:13  Hellion  
  46  5:14  Hellion  
  48  5:23  SCV  
  48  5:24  Cyclone  
  52  5:35  SCV  
  44  5:47  SCV  
  49  5:59  SCV  
  49  6:02  Cyclone  
  53  6:04  Widow Mine x2  
  53  6:11  SCV  
  51  6:20  Supply Depot  
  51  6:21  Supply Depot  
  51  6:23  Supply Depot  
  54  6:25  Widow Mine x2  
  52  6:37  SCV  
  52  6:39  Factory Tech Lab  
  47  6:57  Command Center  
  47  6:59  Cyclone  
  50  7:03  SCV  
  51  7:15  SCV  
Show
View Real Time Build Order
Export as new Build Order

llllllllllll Terran 

Build Orders:  

Get SALT Encoding   

  12  0:00  SCV  
  13  0:12  SCV  
  14  0:18  Supply Depot  
  14  0:25  SCV  
  15  0:30  Refinery  
  15  0:42  Barracks  
  15  0:45  SCV  
  16  0:58  SCV  
  16  1:02  Refinery  
  17  1:10  SCV  
  18  1:17  Barracks  
  18  1:24  Barracks  
  18  1:29  Reaper  
  19  1:41  Orbital Command  
  19  1:52  Supply Depot  
  19  2:02  Reaper  
  19  2:04  Reaper  
  19  2:07  Refinery  
  21  2:11  Reaper  
  22  2:16  SCV  
  23  2:27  Supply Depot  
  24  2:30  SCV  
  24  2:34  Reaper  
  25  2:37  Reaper  
  26  2:45  Supply Depot  
  26  2:47  Engineering Bay  
  26  2:48  Reaper  
  26  2:50  SCV  
  28  3:02  SCV  
  29  3:10  Reaper  
  30  3:14  Barracks  
  30  3:15  Barracks  
  30  3:18  Reaper  
  30  3:19  SCV  
  32  3:23  Reaper  
  33  3:44  Reaper  
  27  3:50  SCV  
  27  3:51  Missile Turret  
  27  3:54  Missile Turret  
  28  3:55  Reaper  
  28  3:56  Reaper  
  28  4:02  SCV  
  31  4:04  Reaper  
  31  4:09  Reaper  
  33  4:16  Reaper  
  34  4:20  SCV  
  35  4:28  Reaper x2  
  37  4:33  SCV  
  37  4:36  Supply Depot  
  37  4:38  Reaper  
  39  4:58  Reaper x2  
  38  5:10  Reaper  
  38  5:16  SCV  
  38  5:18  Reaper  
  39  5:31  Reaper, Command Center  
  40  5:42  Reaper  
  39  5:45  Reaper  
  39  5:51  Missile Turret x2  
  39  5:56  Reaper  
  39  6:03  SCV  
  40  6:14  Reaper  
  40  6:15  Reaper  
  42  6:21  Reaper  
  43  6:31  Reaper  
  38  6:51  Reaper  
  38  6:54  Reaper, SCV  
  37  7:24  Supply Depot  
  37  7:26  Command Center  
Show
View Real Time Build Order
Export as new Build Order

PureLegacy Terran 

Build Orders: 1/1/1, Hellion Banshee 

Get SALT Encoding   

  12  0:00  SCV  
  13  0:13  SCV  
  14  0:18  Supply Depot  
  14  0:25  SCV  
  15  0:31  Refinery  
  15  0:40  SCV  
  16  0:47  Barracks  
  16  0:53  SCV  
  17  1:07  SCV  
  17  1:08  Refinery  
  18  1:20  SCV  
  19  1:34  Factory  
  19  1:36  Orbital Command  
  19  1:42  Barracks Reactor  
  19  1:52  Supply Depot  
  19  2:02  SCV  
  20  2:14  SCV  
  21  2:22  Starport  
  21  2:28  Hellion x2  
  25  2:31  SCV  
  26  2:38  Supply Depot  
  26  2:43  SCV  
  27  2:51  Hellion  
  27  2:52  Hellion  
  31  2:59  Starport Tech Lab  
  31  3:00  SCV  
  32  3:14  Hellion x2  
  36  3:20  Supply Depot  
  36  3:23  Banshee  
  39  3:30  Cloaking Field  
  35  3:51  Hellion x2  
  39  3:56  Fusion Core  
  39  4:03  Supply Depot  
  39  4:06  Banshee  
  36  4:28  Hellion x2  
  37  4:49  Battlecruiser  
  43  4:55  Weapon Refit  
  42  5:07  Hellion x2  
  40  5:16  Command Center  
  40  5:28  Hellion x2  
  6  6:39  SCV  
  7  7:02  SCV  
Show
View Real Time Build Order
Export as new Build Order

LOADBLASTER Terran 

Build Orders: 1/1/1 

Get SALT Encoding   

  12  0:02  SCV  
  13  0:14  SCV  
  13  0:18  Supply Depot  
  14  0:26  SCV  
  15  0:33  Refinery  
  15  0:40  SCV  
  16  0:46  Barracks  
  16  0:52  SCV  
  16  0:56  Refinery  
  17  1:04  SCV  
  18  1:16  SCV  
  19  1:35  Orbital Command  
  19  1:36  Reaper  
  19  1:39  Factory  
  20  1:45  Supply Depot  
  20  2:01  SCV  
  20  2:08  Reaper  
  22  2:13  SCV  
  23  2:22  Hellion  
  25  2:25  Starport, SCV  
  26  2:32  Supply Depot  
  26  2:37  SCV  
  26  2:40  Reaper  
  26  2:44  Hellion  
  34  3:05  Hellion  
  34  3:12  Reaper  
  36  3:15  Supply Depot  
  36  3:17  Medivac  
  38  3:27  Hellion  
  38  3:31  Command Center  
  37  3:36  SCV  
  31  3:48  SCV  
  31  3:52  Factory Tech Lab  
  31  3:53  Barracks Reactor  
  31  4:01  SCV  
  32  4:04  Viking  
  34  4:13  SCV  
  34  4:16  Siege Tank  
  38  4:25  SCV  
  38  4:29  Marine  
  38  4:30  Marine  
  37  4:37  SCV  
  37  4:42  Supply Depot  
  37  4:50  Viking  
  40  4:53  Marine  
  40  5:01  Orbital Command  
  40  5:05  SCV  
  39  5:09  Marine  
  40  5:18  SCV  
  41  5:22  Marine  
  41  5:27  Marine, SCV  
  44  5:29  Liberator  
  44  5:30  SCV  
  44  5:32  Siege Tank  
  48  5:39  Marine  
  48  5:40  SCV  
  48  5:42  SCV  
  44  5:45  Marine  
  39  5:52  SCV  
  39  5:54  SCV  
  41  5:57  Marine  
  41  6:00  Orbital Command  
  41  6:04  SCV, Siege Tank  
  43  6:06  SCV  
  43  6:08  Bunker  
  43  6:11  Marine  
  48  6:15  Marine  
  49  6:18  SCV  
  49  6:26  SCV  
  49  6:28  Marine  
  49  6:30  SCV  
  52  6:33  Marine  
  52  6:36  Siege Tank  
  56  6:42  SCV  
  56  6:43  SCV  
  56  6:46  Marine  
  47  6:54  SCV  
  47  6:55  SCV  
  44  7:06  SCV  
  44  7:07  SCV  
  41  7:09  Refinery  
  38  7:19  SCV x2  
Tags
 
Add a new tag
Caveats
  • Supply blocks, unpowered buildings, or Contaminate may cause inaccurate times.
  • Supply counts are checked every 10 seconds.